 Dungeon Crawl Stone Soup version 0.26-a0-538-ge4b5d95 (webtiles) character file.

Game seed: 13965910962141727694

60 MrTaco21 the Cudgeler (level 4, 0/28 HPs)
             Began as a Gargoyle Fighter on Aug 14, 2020.
             Slain by Purgy (3 damage)
             ... in a sewer.
             The game lasted 00:01:40 (1249 turns).

MrTaco21 the Cudgeler (Gargoyle Fighter)            Turns: 1249, Time: 00:01:41

Health: 0/28       AC: 10    Str: 21    XL:     4   Next: 4%
Magic:  4/4        EV:  7    Int:  8    God:
Gold:   59         SH:  9    Dex:  9    Spells: 3/3 levels left

rFire    . . .     SeeInvis .   a - +0 flail
rCold    . . .     Faith    .   c - +0 kite shield
rNeg     + . .     Spirit   .   b - +0 scale mail
rPois    ∞         Reflect  .   (no helmet)
rElec    +         Harm     .   (no cloak)
rCorr    .                      (no gloves)
MR       .....                  (no boots)
Stlth    ..........             (no amulet)
HPRegen  0.09/turn              (no ring)
MPRegen  0.09/turn              (no ring)

@: no status effects
A: negative energy resistance 1, electricity resistance, unbreathing,
petrification resistance, rot immunity, AC +3
a: no special abilities


You were in a sewer.
You visited 1 branch of the dungeon, and saw 3 of its levels.
You also visited: Sewer.

You collected 59 gold pieces.

Inventory:

Hand Weapons
 a - a +0 flail (weapon)
Armour
 b - a +0 scale mail (worn)
 c - a +0 kite shield (worn)
Jewellery
 j - a cursed -4 ring of evasion {unknown}
   (You found it on level 2 of the Dungeon)
Wands
 t - a wand of flame (8)
   (You found it on level 2 of the Dungeon)
Scrolls
 e - 4 scrolls of identify {unknown}
 f - a scroll of enchant armour {unknown}
 i - a scroll of fear {unknown}
 l - a scroll of magic mapping {unknown}
Potions
 d - a potion of might
 g - a potion of curing {unknown}
 h - a potion of degeneration {unknown}
 k - a potion of flight {unknown}


   Skills:
 - Level 3.2 Fighting
 + Level 4.2 Maces & Flails
 - Level 3.2 Armour
 - Level 3.2 Shields


You had 3 spell levels left.
You didn't know any spells.
Your spell library was empty.

Dungeon Overview and Level Annotations

Branches:
Dungeon (2/15)              Sewer (1/1)

Altars:

Annotations:
Sewer Purgy


Innate Abilities, Weirdness & Mutations

You are resistant to torment.
Your stone body is resilient. (AC +3)
You are immune to poison.
You resist negative energy. (rN+)
You are resistant to electric shocks. (rElec)
You can survive without breathing.
You are immune to petrification.
You are immune to rotting.


Message History

* * * LOW HITPOINT WARNING * * *
Purgy claws you but does no damage. Purgy barely misses you.
You miss Purgy. You block Purgy's attack. x2
Purgy claws you but does no damage.
Unknown command.
Found a gate leading back out of this place.
You block Purgy's attack. Purgy claws you.
* * * LOW HITPOINT WARNING * * *
You block Purgy's attack.
Found a coppery potion.
The floor.
Purgy bites you but does no damage. Purgy closely misses you.
Purgy claws you but does no damage.
You barely miss Purgy. Purgy bites you.
* * * LOW HITPOINT WARNING * * *
You block Purgy's attack. Purgy claws you but does no damage.
Purgy bites you but does no damage. Purgy claws you but does no damage. x2
You closely miss Purgy. You block Purgy's attack. Purgy barely misses you. x2
Unknown command.
You barely miss Purgy. Purgy bites you but does no damage.
Purgy barely misses you. You block Purgy's attack.
Unknown command.
You thump Purgy! Purgy completely misses you. Purgy barely misses you.
Purgy claws you but does no damage. Purgy barely misses you.
Purgy closely misses you. Purgy barely misses you.
Unknown command.
You sock Purgy! Purgy closely misses you.
Purgy claws you but does no damage. x2
Unknown command.
You hit Purgy. Purgy bites you but does no damage.
Purgy claws you but does no damage. Purgy claws you.
* * * LOW HITPOINT WARNING * * *
Unknown command.
You sock Purgy! Purgy bites you but does no damage. You block Purgy's attack.
Purgy claws you.
* * * LOW HITPOINT WARNING * * *
You hit Purgy but do no damage. You block Purgy's attack.
Purgy claws you but does no damage. x2
You barely miss Purgy. You block Purgy's attack. x2
Purgy claws you but does no damage. Purgy closely misses you.
Purgy claws you but does no damage. x2
Unknown command.
You hit Purgy but do no damage. You block Purgy's attack.
Purgy completely misses you. You block Purgy's attack.
You thump Purgy! Purgy bites you.
* * * LOW HITPOINT WARNING * * *
Purgy claws you but does no damage. You block Purgy's attack.
You closely miss Purgy. You block Purgy's attack. Purgy claws you.
* * * LOW HITPOINT WARNING * * *
Purgy claws you.
You die...

####### #.#
##..†..## #.#
#...≈...## #.#
...≈≈≈...#######.#
∩†≈≈≈≈≈..........#
...≈≈≈...#######.#
#...≈...## #.#
##.....## #T#
####### #@# #.#
#.# #.# #∩# #.#
#!# ###


You could see Purgy.

Vanquished Creatures
  A dart slug (D:1)
  4 leopard geckos
  4 giant cockroaches
  4 hobgoblins
  10 jackals (D:1)
  10 bats
  5 goblins (D:1)
  3 kobolds (D:1)
  8 rats (D:1)
49 creatures vanquished.

Notes
Turn   | Place    | Note
-------+----------+-------------------------------------------
     0 | D:1      | MrTaco21 the Gargoyle Fighter began the quest for the Orb.
     0 | D:1      | Reached XP level 1. HP: 14/14 MP: 1/1
    36 | D:1      | Reached XP level 2. HP: 19/19 MP: 2/2
   164 | D:1      | Reached skill level 3 in Maces & Flails
   447 | D:1      | Reached XP level 3. HP: 23/23 MP: 3/3
  1113 | D:2      | You fall into a shaft and drop 1 floor!
  1137 | D:3      | Found a glowing drain.
  1147 | D:3      | Reached skill level 4 in Maces & Flails
  1165 | Sewer    | Entered a sewer
  1174 | Sewer    | Reached XP level 4. HP: 25/28 MP: 4/4
  1212 | Sewer    | Noticed Purgy
  1249 | Sewer    | Slain by Purgy

Illustrated notes

Levels and vault maps discovered:
D:1:      dpeg_arrival_ratfight, layout_loops_ring
D:2:      layout_basic, overflow_temple_1_default, uniq_sigmund
D:3:      layout_basic, overflow_temple_1_default, portal_sewer_entry_f
Sewer:    sewer_big_baddie

Skill      XL: |  1  2  3 |
---------------+----------+-----
Maces & Flails | 3 4 |  4.2
Fighting       | |  3.2
Armour         | |  3.2
Shields        | |  3.2

Action                   |  1- 3 |  4- 6 || total
-------------------------+-------+-------++-------
Melee: Flail             |   159 |    30 ||   189
Armor: Scale mail        |   116 |    44 ||   160
Dodge: Dodged            |    69 |    23 ||    92
Block: Kite shield       |    88 |    34 ||   122

Table legend: (Time is in decaauts)
 A = Elapsed time spent in this place.
 B = Non-inter-level travel time spent in this place.
 C = Inter-level travel time spent in this place.
 D = Time resting spent in this place.
 E = Time spent auto-exploring this place.
 F = Levels seen in this place.
 G = Mean time per level.
                   A        B        C        D        E       F      G
               +--------+--------+--------+--------+--------+-----+--------+
         Total |   1312 |   1290 |     22 |      0 |    931 |   4 |  328.0 |
       Dungeon |   1218 |   1196 |     22 |      0 |    905 |   3 |  406.0 |
         Sewer |     93 |     93 |      0 |      0 |     26 |   1 |   93.0 |
               +--------+--------+--------+--------+--------+-----+--------+

Top non-repeatable levels by time:
     D:1: 1046 daAuts
     D:2: 110 daAuts
   Sewer: 93 daAuts
     D:3: 61 daAuts
